 Dungeon Crawl Stone Soup version 0.28-a0-726-g4a9143789a (webtiles) character file.

Game seed: 15422654134445093879

569 Sabo the Chopper (level 7, -4/53 HPs)
             Began as a Demonspawn Fighter on Oct 27, 2021.
             Was a Priest of Lugonu.
             Killed from afar by a white imp (6 damage)
             ... with a puff of frost
             ... on level 5 of the Dungeon.
             The game lasted 00:18:47 (3503 turns).

Sabo the Chopper (Demonspawn Fighter)               Turns: 3503, Time: 00:18:48

Health: -4/53      AC:  9    Str: 18    XL:     7   Next: 11%
Magic:  7/7        EV: 10    Int: 10    God:    Lugonu [***...]
Gold:   158        SH:  4    Dex: 12    Spells: 6/6 levels left

rFire   + + .      SeeInvis .   s - +2 flail (vorpal)
rCold   . . .      Faith    .   c - +0 buckler
rNeg    . . .      Spirit   .   m - +1 scale mail {rF+}
rPois   .          Reflect  .   (no helmet)
rElec   .          Harm     .   r - +0 cloak
rCorr   .          Rampage  .   (no gloves)
Will    .....                   (no boots)
Stlth   ..........              (no amulet)
HPRegen 0.17/turn               w - ring of protection from fire
MPRegen 0.10/turn               (no ring)

@: no status effects
A: claws 1, ignite blood 1
a: Renounce Religion, Depart the Abyss, Bend Space, Banish


You were on level 5 of the Dungeon.
You worshipped Lugonu.
Lugonu was most pleased with you.
You visited 1 branch of the dungeon, and saw 5 of its levels.

You collected 180 gold pieces.
You spent 22 gold pieces at shops.

Inventory:

Hand Weapons
 a - a +0 war axe
 d - a +1 hand axe of venom
 f - a +0 hunting sling
 q - a +2 quarterstaff of chaos
 s - a +2 vorpal flail (weapon)
 u - a +0 shortbow
Missiles
 i - 84 arrows
 k - a throwing net (quivered)
 n - 11 poisoned darts
 v - 17 sling bullets
Armour
 c - a +0 buckler (worn)
 m - a +1 scale mail of fire resistance (worn)
 r - a +0 cloak (worn)
Jewellery
 w - a ring of protection from fire (left claw)
Wands
 p - a wand of flame (28)
Scrolls
 b - a scroll of magic mapping
 e - 2 scrolls of teleportation
 g - a scroll of vulnerability {unknown}
 l - a scroll of blinking {unknown}
 o - a scroll of amnesia {unknown}
Potions
 h - a potion of invisibility {unknown}
 j - a potion of heal wounds {unknown}
 t - a potion of might
 x - a potion of flight {unknown}


   Skills:
 + Level 3.8 Fighting
 + Level 4.3(4.6) Axes
 + Level 2.3(3.6) Maces & Flails
 + Level 4.2 Armour
 + Level 1.4 Dodging
 + Level 0.1 Stealth
 + Level 3.4 Shields


You had 6 spell levels left.
You didn't know any spells.
Your spell library contained the following spells:

 Spells                   Type           Power      Damage    Failure   Level
 Beastly Appendage        Tmut           0%         N/A       77%         1
 Wereblood                Tmut           0%         N/A       88%         2
 Spider Form              Tmut/Pois      0%         N/A       98%         3


Dungeon Overview and Level Annotations

Branches:
Dungeon (5/15)
 Temple: D:4-7

Altars:
Qazlal
The Shining One
Lugonu

Shops:
D:3 ?


Innate Abilities, Weirdness & Mutations

You have sharp fingernails.
Your demonic aura sometimes causes spilled blood to erupt in flames.


Message History

You sock the orc!
You kill the orc!
Lugonu accepts your kill.
The orc wizard shouts!
The orc closely misses you. The orc completely misses you.
You hit the orc.
The orc is severely wounded.
The orc closely misses you.
You hit the orc.
You kill the orc!
Lugonu accepts your kill.
There is a stone staircase leading down here.
You can't go up here!
The orc wizard points at you and mumbles some strange words.
The puff of flame hits you. You resist.
* * * LOW HITPOINT WARNING * * *
You climb downwards.
The white imp shouts, "Return whence thou came, thou villainous ill-nurtured death-token!"
You hear a shout!
Found 27 stones.
Found a stone staircase leading up.
There is a stone staircase leading up here.
You thump the orc wizard!
The orc wizard is severely wounded.
The orc wizard hits you with a +0 dagger.
* * * LOW HITPOINT WARNING * * *
You closely miss the orc wizard.
The orc wizard is severely wounded.
The orc wizard hits you with a +0 dagger.
* * * LOW HITPOINT WARNING * * *
You closely miss the orc wizard.
The orc wizard is severely wounded.
You block the orc wizard's attack.
The orc wizard hits you but does no damage.
You hit the orc wizard.
The orc wizard is almost dead.
An orc comes into view. It is wielding a +0 dagger.
The white imp gestures at you. The puff of frost hits you.
You die...

##. .. #.# #..
#.# .... ## ...
..... #..
##.##.....
.#...#.........
...............
.......@.......
.......o...<...
...............
...............
..#.5..........
##.............
#............##
#......o....##


You could see an orc wizard, a white imp and an orc (wandering).

Vanquished Creatures
  Grinder (D:4)
  A necrophage (D:4)
  A centaur (D:3)
  An orc priest (D:3)
  Crazy Yiuf (D:2)
  Terence (D:2)
  3 adders
  2 worms
  2 dart slugs (D:3)
  7 orcs
  4 ball pythons
  6 endoplasms
  2 giant cockroaches
  7 goblins
  8 hobgoblins
  2 jackals (D:1)
  A quokka (D:3)
  6 bats
  4 frilled lizards
  9 kobolds
  9 rats
78 creatures vanquished.

Notes
Turn   | Place    | Note
-------+----------+-------------------------------------------
     0 | D:1      | Sabo the Demonspawn Fighter began the quest for the Orb.
     0 | D:1      | Reached XP level 1. HP: 18/18 MP: 1/1
   244 | D:1      | Found a faded altar of an unknown god.
   291 | D:1      | Prayed at the altar of an unknown god.
   291 | D:1      | Became a worshipper of Lugonu the Unformed
   291 | D:1      | Reached * piety under Lugonu
   291 | D:1      | Reached ** piety under Lugonu
   368 | D:1      | Gained mutation: Your demonic aura sometimes causes spilled
                  | blood to erupt in flames. [demonic ancestry]
   368 | D:1      | Reached XP level 2. HP: 24/24 MP: 2/2
  1223 | D:2      | Reached XP level 3. HP: 28/29 MP: 3/3
  1436 | D:2      | Noticed Terence
  1446 | D:2      | Killed Terence
  1447 | D:2      | Reached XP level 4. HP: 20/35 MP: 4/4
  2089 | D:2      | Found a runed translucent door.
  2090 | D:2      | Noticed Crazy Yiuf
  2098 | D:2      | Killed Crazy Yiuf
  2272 | D:3      | Reached XP level 5. HP: 35/41 MP: 5/5
  2346 | D:3      | Reached *** piety under Lugonu
  2615 | D:3      | Found a stormy altar of Qazlal.
  2726 | D:3      | Found Moatim's Magic Scroll Shop.
  2731 | D:3      | Bought a scroll of identify for 22 gold pieces
  3039 | D:3      | Noticed a centaur
  3045 | D:3      | Killed a centaur
  3248 | D:3      | Gained mutation: You have sharp fingernails. [demonic
                  | ancestry]
  3248 | D:3      | Reached XP level 6. HP: 47/47 MP: 6/6
  3428 | D:4      | Noticed Grinder
  3437 | D:4      | Reached skill level 1 in Maces & Flails
  3437 | D:4      | Reached skill level 1 in Dodging
  3450 | D:4      | Paralysed by Grinder for 6 turns
  3459 | D:4      | Killed Grinder
  3460 | D:4      | Reached XP level 7. HP: 5/53 MP: 7/7
  3499 | D:5      | Entered Level 5 of the Dungeon
  3501 | D:5      | HP: 2/53 [orc wizard (4)]
  3503 | D:5      | Killed from afar by a white imp

Illustrated notes

Levels and vault maps discovered:
D:1:      psy_arrival_statuary, layout_loops_corners,
          dreamdust_ecumenical_altar_statues, minmay_indecisive_spiral
D:2:      layout_loops_ring, lemuel_old_faithful, uniq_terence,
          uniq_crazy_yiuf_cottage
D:3:      layout_loops_ring, mainiacjoe_overflow_chevrons,
          mainiacjoe_overflow_surrounded_room, serial_shops, shop,
          grunt_ministairs_15, chequers_serial_rivers_room_b
D:4:      layout_cave_pools, kb_xom_exploding_sheep, minmay_misc_feat_tiny,
          uniq_grinder
D:5:      layout_cave_pools, mainiacjoe_overflow_cross_hatched, minmay_puff

Skill      XL: |  1  2  3  4  5  6 |
---------------+-------------------+-----
Armour         | 3 4 |  4.2
Axes           | 2 3 4 |  4.3
Shields        | 3 |  3.4
Maces & Flails | 2 |  2.3
Dodging        | 1 |  1.4
Fighting       | |  3.8
Stealth        | |  0.1

Action                   |  1- 3 |  4- 6 |  7- 9 || total
-------------------------+-------+-------+-------++-------
Melee: War axe           |    78 |       |       ||    78
       Hand axe          |       |    49 |       ||    49
       Flail             |       |    67 |    10 ||    77
  Use: Potion            |     1 |       |       ||     1
       Scroll            |       |     2 |       ||     2
Armor: Scale mail        |    34 |    60 |     1 ||    95
Dodge: Dodged            |    36 |    66 |     4 ||   106
Block: Buckler           |    21 |    31 |     1 ||    53

Table legend: (Time is in decaauts)
 A = Elapsed time spent in this place.
 B = Non-inter-level travel time spent in this place.
 C = Inter-level travel time spent in this place.
 D = Time resting spent in this place.
 E = Time spent auto-exploring this place.
 F = Levels seen in this place.
 G = Mean time per level.
                   A        B        C        D        E       F      G
               +--------+--------+--------+--------+--------+-----+--------+
         Total |   3565 |   3565 |      0 |    697 |      0 |   5 |  713.0 |
       Dungeon |   3565 |   3565 |      0 |    697 |      0 |   5 |  713.0 |
               +--------+--------+--------+--------+--------+-----+--------+

Top non-repeatable levels by time:
     D:3: 1211 daAuts
     D:1: 1127 daAuts
     D:2: 1096 daAuts
     D:4: 126 daAuts
     D:5: 4 daAuts
